 Dungeon Crawl Stone Soup version 0.31-a0-188-g5e087ee2ca (webtiles) character file.

Game seed: 9012181930756390148

39 qw the Shooter (level 3, -6/20 HPs)
             Began as a Deep Elf Hunter on June 23, 2023.
             Mangled by a gnoll
             ... wielding a +0 halberd
              (8 damage)
             ... on level 2 of the Dungeon.
             The game lasted 00:00:17 (656 turns).

qw the Shooter (Deep Elf Hunter)                     Turns: 656, Time: 00:00:18

Health: -6/20      AC:  5    Str: 10    XL:     3   Next: 26%
Magic:  5/5        EV: 11    Int: 13    God:
Gold:   28         SH:  0    Dex: 18    Spells: 2/2 levels left

rFire   . . .        Y - +0 shortbow
rCold   . . .        (shield currently unavailable)
rNeg    . . .        j - +0 ring mail
rPois   .            (no helmet)
rElec   .            (no cloak)
rCorr   .            (no gloves)
SInv    .            (no boots)
Will    .....        (no amulet)
Stlth   +            (no ring)
HPRegen 0.23/turn    (no ring)
MPRegen 0.09/turn

%: no passive effects
@: no status effects
A: no striking features
a: no special abilities


You were on level 2 of the Dungeon.
You visited 1 branch of the dungeon, and saw 2 of its levels.

You collected 45 gold pieces.
You spent 17 gold pieces at shops.


   Skills:
 - Level 1.5 Fighting
 + Level 6.8 Ranged Weapons
 - Level 2.4 Dodging
 - Level 1.2 Stealth


You had 2 spell levels left.
You didn't know any spells.
Your spell library was empty.

Inventory:

Hand Weapons
 Y - a +0 shortbow (weapon)
Armour
 j - a +0 ring mail (worn)
Jewellery
 a - an amulet of guardian spirit
Potions
 b - a potion of curing {unknown}
 d - a potion of attraction {unknown}
 e - a potion of resistance {unknown}

Dungeon Overview and Level Annotations

Branches:
Dungeon (2/15)

Altars:

Shops:
D:1 (([[*


Message History

A bat comes into view.
You shoot an arrow. The arrow hits the bat!
You kill the bat!
You have reached level 3!
Your experience leads to an increase in your attributes!
Increase (S)trength, (I)ntelligence, or (D)exterity?
You feel stronger. x2
You start resting.
HP restored.
You see here a ball python corpse.
a - an amulet of guardian spirit A kobold comes into view.
It is wielding a +0 short sword.
You shoot an arrow. The arrow hits the kobold.
You kill the kobold!
Found a mace.
b - a metallic yellow potion
Things that are here:
a +0 short sword; a stone; a kobold corpse 3 gnolls come into view.
You see here a +0 mace.
You shoot an arrow.
The arrow hits the gnoll but does no damage.
The gnoll shouts!
The gnoll misses you. The gnoll hits you with a +0 flail.
You shoot an arrow. The arrow hits the gnoll!
The gnoll is severely wounded.
The gnoll misses you. The gnoll closely misses you.
You shoot an arrow. The arrow hits the gnoll.
You kill the gnoll!
The gnoll hits you from afar with a +0 halberd.
654 ||| Stepping ~*~*~tactically~*~*~ (outnumbered).
You shoot an arrow.
The arrow hits the gnoll but does no damage.
The gnoll hits you from afar with a +0 halberd!
Ouch! That really hurt!
You shoot an arrow. The arrow hits the gnoll!
The gnoll is heavily wounded.
The gnoll barely misses you.
The gnoll hits you from afar with a +0 halberd!
You die...

#.## #..#####
##.#.....
##.###.###
#########.## ##...
#........###...#.#
#)#######.## .....
#.# #.#...### #@#
#.#. #)# #.#####
#.g.g.... #......
#######.. ######
..... #####


You could see a gnoll.

Vanquished Creatures
  A gnoll (D:2)
  5 endoplasms
  A giant cockroach (D:2)
  2 goblins (D:1)
  3 hobgoblins (D:1)
  2 jackals (D:2)
  2 kobolds
  A quokka (D:1)
  2 ball pythons
  3 bats
  3 frilled lizards (D:1)
  2 rats (D:1)
27 creatures vanquished.

Notes
Turn   | Place    | Note
-------+----------+-------------------------------------------
     0 | D:1      | qw the Deep Elf Hunter began the quest for the Orb.
     0 | D:1      | Reached XP level 1. HP: 12/12 MP: 3/3
     0 | D:1      | 0 ||| qw: Version: 0.3-a-9-g12657ce
     0 | D:1      | 0 ||| qw: Game counter: 3134
     0 | D:1      | 0 ||| qw: Always use a shield: true
     0 | D:1      | 0 ||| qw: God list: Okawaru
     0 | D:1      | 0 ||| qw: Allow faded altars: false
     0 | D:1      | 0 ||| qw: Do Orc after D:15 true
     0 | D:1      | 0 ||| qw: Do second Lair branch before Depths: true
     0 | D:1      | 0 ||| qw: Lair rune preference: random
     0 | D:1      | 0 ||| qw: Plans: Normal
     0 | D:1      | 0 ||| PLANNING D:1-11
    44 | D:1      | Found Saemuhot's Antique Armour Emporium.
    62 | D:1      | Reached skill level 6 in Ranged Weapons
    62 | D:1      | Reached XP level 2. HP: 16/16 MP: 4/4
    67 | D:1      | 67 ||| SHOPLISTING cloak (103 gold, have 0).
    67 | D:1      | 67 ||| SHOPLISTING dyed leather armour (115 gold, have 0).
    67 | D:1      | 67 ||| SHOPLISTING glowing robe (85 gold, have 0).
    67 | D:1      | 67 ||| SHOPLISTING pair of boots (103 gold, have 0).
    67 | D:1      | 67 ||| SHOPLISTING ring mail (92 gold, have 0).
    70 | D:1      | Found Illui's Weapon Shop.
    75 | D:1      | 75 ||| SHOPLISTING +6 arbalest "Damnation" {damnation}
                  | (1040 gold, have 0).
   205 | D:1      | Found Ecaheiff's Assorted Antiques.
   207 | D:1      | Found Cejular's Antique Armour Shop.
   217 | D:1      | 217 ||| BUYING scroll labelled BAAROIMOHO (17 gold).
   217 | D:1      | Bought a scroll labelled BAAROIMOHO for 17 gold pieces
   217 | D:1      | 217 ||| SHOPLISTING scroll labelled KIUSHE NONARENT (17
                  | gold, have 15).
   217 | D:1      | 217 ||| SHOPLISTING steel ring (85 gold, have 15).
   243 | D:1      | 243 ||| SHOPLISTING +7 Kryia's mail coat {PotionHeal*2 rC+}
                  | (1260 gold, have 15).
   243 | D:1      | 243 ||| SHOPLISTING embroidered hat (147 gold, have 15).
   243 | D:1      | 243 ||| SHOPLISTING fire dragon scales (1260 gold, have
                  | 15).
   243 | D:1      | 243 ||| SHOPLISTING ring mail (84 gold, have 15).
   243 | D:1      | 243 ||| SHOPLISTING shiny ring mail (147 gold, have 15).
   243 | D:1      | 243 ||| SHOPLISTING shiny scale mail (147 gold, have 15).
   452 | D:1      | Found Vuohimi's Weapon Emporium.
   470 | D:1      | 470 ||| UPGRADING to +0 ring mail.
   480 | D:1      | 480 ||| DROPPING +0 leather armour.
   481 | D:1      | 481 ||| READING scroll labelled ABBIUMIOTZ.
   511 | D:1      | 511 ||| READING scroll labelled KAGUSU UHOIKK.
   512 | D:1      | 512 ||| READING scroll labelled BAAROIMOHO.
   513 | D:1      | 513 ||| READING scroll labelled MUCRAGG AGEN.
   518 | D:1      | 518 ||| DROPPING scroll of butterflies.
   589 | D:2      | Reached XP level 3. HP: 18/20 MP: 5/5
   654 | D:2      | 654 ||| Stepping ~*~*~tactically~*~*~ (outnumbered).
   655 | D:2      | HP: 2/20 [gnoll/+0 halberd (10)]
   656 | D:2      | Mangled by a gnoll

Levels and vault maps discovered:
D:1:      matt_arrival_grand_opening, layout_rooms, serial_shops, shop,
          nicolae_shop_window_shopping, nicolae_shop_bloodbath_and_beyond,
          nicolae_shop_hallway_plus, shop
D:2:      layout_loops_ring, uniq_sigmund, uniq_jessica

Skill      XL: |  1 |
---------------+----+-----
Ranged Weapons | 6 |  6.8
Fighting       | |  1.5
Dodging        | |  2.4
Stealth        | |  1.2

Action                     || total
---------------------------++-------
   Fire: Shortbow          ||    57
    Use: Scroll            ||     4
 Armour: Leather armour    ||     1
         Ring mail         ||     1
  Dodge: Dodged            ||     9

Table legend:
 A = Non-vault XP
 B = Vault XP
 C = Vault XP percentage of total XP
 D = Non-vault monster count
 E = Vault monster count
 F = Vault count percentage of total count
                 A         B        C        D         E       F
            +---------+---------+-------+---------+---------+-------
      Total |      56 |       0 |   0.0 |      27 |       0 |   0.0
            +---------+---------+-------+---------+---------+-------
        D:1 |      27 |       0 |   0.0 |      17 |       0 |   0.0
        D:2 |      29 |       0 |   0.0 |      10 |       0 |   0.0
            +---------+---------+-------+---------+---------+-------
